 Dungeon Crawl Stone Soup version 0.25-a0-949-gdd2af9e06e (webtiles) character file.

Game seed: 8289844176641768365, levelgen mode: deterministic

74 Chiseanne the Skirmisher (level 4, 8/52 HPs)
             Began as a Demonspawn Wanderer on May 8, 2020.
             Quit the game on level 3 of the Dungeon.
             The game lasted 00:03:06 (2578 turns).

Chiseanne the Skirmisher (Demonspawn Wanderer)      Turns: 2578, Time: 00:03:07

Health: 8/52       AC: 22    Str: 10 (12) XL:     4   Next: 9%
Magic:  4/4        EV:  2    Int: 12 (15) God:
Gold:   157        SH:  0    Dex: 10 (12) Spells: 3/3 levels left

rFire    . . .     SeeInvis .   a - +2 mace
rCold    . . .     Gourm    .   (no shield)
rNeg     + + +     Faith    .   (armour currently unavailable)
rPois    +         Spirit   .   (helmet currently unavailable)
rElec    .         Reflect  .   (cloak currently unavailable)
rCorr    .         Harm     .   (gloves currently unavailable)
MR       .....     NoTele   +   (boots currently unavailable)
Stlth    +.........             (no amulet)
HPRegen  0.17/turn              (no ring)
MPRegen  0.09/turn              (no ring)

@: brilliant, tree-form
A: no striking features
a: no special abilities


You were on level 3 of the Dungeon.
You were not hungry.
You were a tree.
You visited 1 branch of the dungeon, and saw 3 of its levels.

You collected 157 gold pieces.

Inventory:

Hand Weapons
 a - a +2 mace (weapon)
 e - a +1 mace of holy wrath
 q - a +0 dagger of flaming
Missiles
 i - 17 bolts
 l - 14 arrows
 n - 67 stones (quivered)
Armour
 g - a +1 leather armour (melded)
Jewellery
 d - an uncursed amulet of regeneration {unknown}
Scrolls
 h - a scroll of amnesia
 p - 2 scrolls of enchant armour
Potions
 o - a potion of haste {unknown}
 r - a potion of cancellation {unknown}
Comestibles
 f - 7 rations
 k - 2 chunks of flesh


   Skills:
 * Level 3.0 Fighting
 - Level 1.7 Maces & Flails
   Level 2.6 Polearms
 - Level 1.0 Throwing
 * Level 1.7 Armour
 * Level 1.8 Dodging
 - Level 1.0 Stealth
   Level 1.0 Shields


You had 3 spell levels left.
You didn't know any spells.
Your spell library was empty.

Dungeon Overview and Level Annotations

Branches:
Dungeon (3/15)

Altars:
Cheibriados
Fedhas
Makhleb
Uskayaw

Annotations:
D:2 exclusion: oklob plant


Innate Abilities, Weirdness & Mutations

((You have razor-sharp toenails.))
((You are partially covered in yellow scales. (AC +2)))


Message History

The gnoll hits you with a +0 whip!
* * * LOW HITPOINT WARNING * * *
The gnoll hits you but does no damage. The gnoll hits you.
* * * LOW HITPOINT WARNING * * *
Really quaff the potion of lignification?
You turn into a tree.
Your +1 leather armour melds into your body.
Your roots penetrate the ground.
The gnoll hits you but does no damage.
It was a potion of brilliance.
You feel clever all of a sudden. The gnoll hits you but does no damage.
It was a potion of degeneration.
There was something very wrong with that liquid.
You feel weakened.
You feel dopey.
You feel clumsy. The gnoll hits you but does no damage.
It was a potion of curing.
You feel better. The gnoll hits you with a +0 whip.
* * * LOW HITPOINT WARNING * * *
Okay, then.
Are you sure you want to abandon this character and quit the game? (Confirm with "yes".)

##.♣♣♣♣♣♣ ## #...♣
... .# #.♣.♣ #.# .#
.♣♣♣♣♣♣ #.# .#
#..♣..♣ ♣♣.## .#
..♣♣.. ♣♣...# .#
..♣♣.♣ ♣.†#.# .#
..♣♣.♣♣♣♣♣♣.#$g##.#
.#..♣.♣....♣..gg♣.#
..............#####
.##..........##
.##.#........#
..#.##########
#.#.# #..[# ##..##
#...#


You could see 3 gnolls.

Vanquished Creatures
  2 adders (D:2)
  A gnoll (D:3)
  2 worms (D:2)
  A dart slug (D:1)
  2 leopard geckos
  An orc (D:3)
  A ball python (D:3)
  2 giant cockroaches
  4 goblins
  2 hobgoblins (D:1)
  2 jackals (D:2)
  3 kobolds
  2 bats (D:2)
  5 frilled lizards
  9 rats
39 creatures vanquished.

Notes
Turn   | Place    | Note
-------+----------+-------------------------------------------
     0 | D:1      | Chiseanne the Demonspawn Wanderer began the quest for the
                  | Orb.
     0 | D:1      | Chiseanne set off with the following items: a +2 mace, a +0
                  | spear, a potion of lignification, a +0 robe, a ration
     0 | D:1      | Reached XP level 1. HP: 16/16 MP: 1/1
   486 | D:1      | Gained mutation: You have sharp toenails. [demonic
                  | ancestry]
   486 | D:1      | Reached XP level 2. HP: 7/22 MP: 2/2
   970 | D:1      | Reached skill level 1 in Dodging
  1480 | D:2      | Reached skill level 1 in Armour
  1488 | D:2      | Gained mutation: You are partially covered in yellow
                  | scales. (AC +2) [demonic ancestry]
  1488 | D:2      | Reached XP level 3. HP: 28/28 MP: 3/3
  1572 | D:2      | Noticed a +0 hand axe
  1573 | D:2      | Found a hide-covered altar of Uskayaw.
  1573 | D:2      | Noticed a +0 dagger
  1718 | D:2      | Found a snail-covered altar of Cheibriados.
  1791 | D:2      | Found a burning altar of Makhleb.
  2070 | D:2      | Found a blossoming altar of Fedhas.
  2083 | D:2      | Noticed an oklob plant
  2568 | D:3      | Reached skill level 3 in Fighting
  2568 | D:3      | Gained mutation: You have razor-sharp toenails. [demonic
                  | ancestry]
  2568 | D:3      | Reached XP level 4. HP: 13/35 MP: 4/4
  2572 | D:3      | HP: 1/35 [gnoll (3)]
  2578 | D:3      | Quit the game

Levels and vault maps discovered:
D:1:      dpeg_chamrin_arrival_tetris, layout_basic
D:2:      layout_rooms, tgw_fedhas, old_standard_altar, dancing_weapons_uskayaw,
          cheibriados_altar_1, first_ration
D:3:      layout_basic, grunt_temple_overflow_open,
          chequers_ecumenical_altar_grove

Skill      XL: |  1  2  3 |
---------------+----------+-----
Dodging        | 1 |  1.8
Armour         | 1 |  1.7
Fighting       | 3 |  3.0
Maces & Flails | |  1.7
Polearms       | |  2.6
Throwing       | |  1.0
Stealth        | |  1.0
Shields        | |  1.0

Action                   |  1- 3 |  4- 6 || total
-------------------------+-------+-------++-------
Melee: Mace              |   119 |     2 ||   121
       Kick              |    19 |     1 ||    20
  Use: Scroll            |     5 |       ||     5
       Potion            |       |     4 ||     4
 Stab: Sleeping          |     1 |       ||     1
  Eat: Chunk             |     5 |       ||     5
Armor: Leather armour    |    48 |     2 ||    50
       Skin              |       |     3 ||     3
Dodge: Dodged            |    86 |     2 ||    88

Table legend:
 A = Non-vault XP
 B = Vault XP
 C = Vault XP percentage of total XP
 D = Non-vault monster count
 E = Vault monster count
 F = Vault count percentage of total count
                 A         B        C        D         E       F
            +---------+---------+-------+---------+---------+-------
      Total |     106 |       0 |   0.0 |      39 |       0 |   0.0
            +---------+---------+-------+---------+---------+-------
        D:1 |      25 |       0 |   0.0 |      15 |       0 |   0.0
        D:2 |      56 |       0 |   0.0 |      17 |       0 |   0.0
        D:3 |      25 |       0 |   0.0 |       7 |       0 |   0.0
            +---------+---------+-------+---------+---------+-------
